 Dungeon Crawl Stone Soup version 0.30-a0-279-g4b46babb21 (webtiles) character file.

Game seed: 2391424516308133685

4025 plokij the Carver (level 10, -1/86 HPs)
             Began as a Minotaur Berserker on Oct 16, 2022.
             Was an Elder of Trog.
             Shot with a sling bullet by Joseph (3 damage)
             ... on level 7 of the Dungeon.
             The game lasted 00:48:50 (7746 turns).

plokij the Carver (Minotaur Berserker)              Turns: 7746, Time: 00:48:51

Health: -1/86      AC: 12    Str: 22    XL:     10   Next: 4%
Magic:  9/9        EV: 11    Int:  4    God:    Trog [****..]
Gold:   466        SH:  6    Dex: 20    Spells: 9/9 levels left

rFire   . . .      SeeInvis .    p - +0 long sword
rCold   . . .      Faith    .    n - +0 buckler
rNeg    . . .      Spirit   .    q - +0 chain mail
rPois   +          Reflect  .    (helmet restricted)
rElec   .          Harm     .    (no cloak)
rCorr   .          Rampage  .    (no gloves)
Will    .....                    c - +0 pair of boots
Stlth   ..........               i - amulet of the acrobat
HPRegen 0.34/turn                g - ring of poison resistance
MPRegen 0.11/turn                m - +6 ring of dexterity

@: on berserk cooldown, slowed, very slow
A: horns 2, retaliatory headbutt
a: Renounce Religion, Berserk, Trog's Hand, Brothers in Arms


You were on level 7 of the Dungeon.
You worshipped Trog.
Trog was greatly pleased with you.
You visited 1 branch of the dungeon, and saw 7 of its levels.
You also visited: Sewer.

You collected 466 gold pieces.

Inventory:

Hand Weapons
 e - a +0 sling
 p - a +0 long sword (weapon)
 r - a +4 scythe of protection
 z - a +0 whip of freezing
 H - a +0 shortbow
Missiles
 d - 77 stones (quivered)
 D - 13 poisoned darts
 E - 6 javelins
 G - a curare-tipped dart
 L - 4 boomerangs
Armour
 c - a +0 pair of boots (worn)
 n - a +0 buckler (worn)
 q - a +0 chain mail (worn)
Magical Staves
 F - a staff of poison
Jewellery
 g - a ring of poison resistance (left hand)
 i - an amulet of the acrobat (around neck)
 m - a +6 ring of dexterity (right hand)
Wands
 v - a wand of light (4)
 w - a wand of charming (9)
Scrolls
 b - a scroll of silence {unknown}
 f - 11 scrolls of identify {unknown}
 o - 4 scrolls of butterflies {unknown}
 u - a scroll of amnesia {unknown}
 y - 2 scrolls of fear {unknown}
 A - a scroll of teleportation {unknown}
 B - a scroll of acquirement {unknown}
 C - 2 scrolls of enchant armour {unknown}
 I - a scroll of vulnerability {unknown}
 J - a scroll of enchant weapon {unknown}
 K - a scroll of summoning {unknown}
Potions
 a - 2 potions of curing
 h - a potion of berserk rage {unknown}
 j - 4 potions of heal wounds {unknown}
 k - 4 potions of degeneration {unknown}
 l - 2 potions of mutation {unknown}
 s - 4 potions of brilliance {unknown}
 t - a potion of invisibility
 x - 2 potions of cancellation {unknown}


   Skills:
 - Level 7.5 Fighting
 - Level 11.6 Long Blades
 * Level 1.1 Ranged Weapons
 - Level 8.3 Armour
 - Level 5.9 Dodging
 - Level 5.4 Shields


You had 9 spell levels left.
You didn't know any spells.
Your spell library contained the following spells:

 Spells                   Type           Power      Damage    Failure   Level
 Necrotise                Necr           0%         1d4       99%         1


Dungeon Overview and Level Annotations

Branches:
Dungeon (7/15)             Temple (0/1) D:6           Sewer (visited)

Altars:
Ru
Trog

Shops:
D:6 (

Annotations:
D:7 Joseph


Innate Abilities, Weirdness & Mutations

You have a pair of horns on your head.
You reflexively headbutt those who attack you in melee.


Message History

You furiously retaliate!
You headbutt the centaur.
The centaur kicks you but does no damage.
The wyvern bites you but does no damage.
You continue putting on your +0 buckler.
The centaur misses you. You furiously retaliate!
You headbutt the centaur. The centaur barely misses you.
The wyvern closely misses you.
The centaur hits you but does no damage.
The centaur kicks you but does no damage.
You continue putting on your +0 buckler.
The wyvern bites you. The centaur barely misses you. You furiously retaliate!
You headbutt the centaur.
You kill the centaur!
Trog accepts your kill. The wyvern bites you!
* * * LOW HITPOINT WARNING * * *
Your Ranged Weapons skill increases to level 1!
You finish putting on your +0 buckler.
The wyvern attacks as you move away! The wyvern bites you!
* * * LOW HITPOINT WARNING * * *
The wyvern bites you but does no damage.
A red film seems to cover your vision as you go berserk!
You feel yourself moving faster!
You feel mighty! The wyvern bites you!
* * * LOW HITPOINT WARNING * * *
You feel a strong urge to attack something.
You feel your anger nearly subside. The wyvern attacks as you move away!
The wyvern misses you.
Your blood rage is quickly leaving you.
You are no longer berserk.
You are exhausted.
You feel yourself slow down.
There is a stone staircase leading up here.
The wyvern closely misses you. You furiously retaliate!
You headbutt the wyvern!
You kill the wyvern!
Trog accepts your kill.
Joseph unwields a +0 quarterstaff.
Joseph wields a +2 sling of flaming.
It bursts into flame!
Joseph shoots a sling bullet.
You block the sling bullet.
Joseph shoots a sling bullet.
The sling bullet hits you.
* * * LOW HITPOINT WARNING * * *
The sling bullet burns you.
You die...

### ..# #.## ###########
#..#
############.........#
##.#
##)...@...@.>.........#
#.#
#..##########.........#
#.# ##.#......#
#####..#####
#.###..#......###.....##
#..#..##......##..#####
##.#.###......##.## #
#...###.........###
####...#######......###
.####..## #..###...##


You could see Joseph.

Vanquished Creatures
  Pikel (D:5)
  Grinder (D:4)
  Sigmund (D:3)
  A wyvern (D:7)
  4 humans (D:6)
  Eustachio (D:6)
  A steam dragon (D:3)
  Menkaure (D:7)
  2 water moccasins
  3 black bears
  2 ogres
  4 lemures (D:5)
  2 phantoms
  2 centaurs
  A kobold brigand (D:6)
  A bullfrog (D:6)
  A necrophage (D:6)
  6 scorpions
  A jelly (D:7)
  2 orc priests (D:7)
  4 hounds
  2 iguanas
  Ijyb (D:4)
  5 orc wizards
  6 gnolls
  7 river rats
  11 adders
  3 shadow imps
  An ufetubus (D:3)
  3 worms
  2 dart slugs (D:3)
  9 orcs
  12 ball pythons
  9 bats
  10 endoplasms
  4 giant cockroaches
  8 goblins
  8 hobgoblins
  6 jackals
  6 quokkas
  5 frilled lizards
  13 kobolds
  25 rats
198 creatures vanquished.

Vanquished Creatures (others)
  A fungus (D:2)
  16 plants
17 creatures vanquished.

Grand Total: 215 creatures vanquished

Notes
Turn   | Place    | Note
-------+----------+-------------------------------------------
     0 | D:1      | plokij the Minotaur Berserker began the quest for the Orb.
     0 | D:1      | Reached XP level 1. HP: 19/19 MP: 0/0
    60 | D:1      | Reached XP level 2. HP: 25/27 MP: 1/1
   221 | D:1      | Reached skill level 4 in Long Blades
   679 | D:2      | Reached XP level 3. HP: 33/33 MP: 2/2
   756 | D:2      | Reached ** piety under Trog
   856 | D:2      | Found a faded altar of an unknown god.
   869 | D:2      | Got Plato's Essays on Death
  1566 | D:3      | Reached XP level 4. HP: 35/41 MP: 3/3
  1594 | D:3      | Noticed a steam dragon
  1828 | D:3      | Noticed Sigmund
  2069 | D:3      | Noticed a phantom
  2134 | D:3      | Killed a phantom
  2135 | D:3      | Reached skill level 5 in Long Blades
  2135 | D:3      | Reached skill level 1 in Shields
  2135 | D:3      | Reached XP level 5. HP: 47/47 MP: 4/4
  2366 | D:3      | Killed Sigmund
  2367 | D:3      | Reached XP level 6. HP: 55/55 MP: 5/5
  2647 | D:3      | Reached *** piety under Trog
  3170 | D:3      | Killed a steam dragon
  3171 | D:3      | Reached skill level 5 in Fighting
  3171 | D:3      | Reached skill level 6 in Long Blades
  3470 | D:4      | Reached XP level 7. HP: 59/61 MP: 6/6
  3813 | D:4      | Noticed Ijyb
  3820 | D:4      | Killed Ijyb
  3849 | D:4      | Found a bloodstained altar of Trog.
  3851 | D:4      | Found a sacrificial altar of Ru.
  3864 | D:4      | Noticed Grinder
  3869 | D:4      | Paralysed by Grinder for 3 turns
  3873 | D:4      | Killed Grinder
  3874 | D:4      | Reached skill level 7 in Long Blades
  3874 | D:4      | Reached skill level 5 in Armour
  4372 | D:4      | Reached XP level 8. HP: 69/69 MP: 7/7
  4459 | D:5      | Entered Level 5 of the Dungeon
  4574 | D:5      | Noticed Pikel
  4639 | D:5      | Killed Pikel
  4640 | D:5      | Reached skill level 8 in Long Blades
  4936 | D:5      | Reached skill level 5 in Dodging
  4980 | D:5      | Found a glowing drain.
  4985 | Sewer    | Entered a sewer
  5065 | Sewer    | Reached skill level 9 in Long Blades
  5838 | D:5      | Reached XP level 9. HP: 77/77 MP: 8/8
  6176 | D:6      | Found Malotsad's Antique Weapon Shop.
  6402 | D:6      | Noticed Eustachio
  6418 | D:6      | Reached skill level 10 in Long Blades
  6421 | D:6      | Killed Eustachio
  6818 | D:6      | Found a staircase to the Ecumenical Temple.
  6826 | D:6      | Reached skill level 5 in Shields
  6944 | D:6      | Reached skill level 11 in Long Blades
  7444 | D:7      | Noticed Menkaure
  7448 | D:7      | Killed Menkaure
  7499 | D:7      | Reached XP level 10. HP: 86/86 MP: 9/9
  7516 | D:7      | Reached **** piety under Trog
  7701 | D:7      | Noticed Joseph
  7738 | D:7      | Reached skill level 1 in Ranged Weapons
  7746 | D:7      | HP: 2/86 [Joseph/sling bullet (6)]
  7746 | D:7      | Shot with a sling bullet by Joseph

Illustrated notes

Levels and vault maps discovered:
D:1:      roderic_crop_circles_arrival_small, layout_loops_cross,
          corexii_leaking_fountain, grunt_decor_mini_mirrors
D:2:      minmay_inner_zag, layout_basic, shapermc_ecumenical_altar_rom_forum,
          nrook_uturn
D:3:      layout_loops_ring, minmay_door_square, minmay_rat_hole, uniq_sigmund
D:4:      layout_basic, grunt_temple_overflow_open, uniq_ijyb, uniq_grinder
D:5:      layout_basic, lightli_sewer_entry_pipes, uniq_pikel
D:6:      layout_basic, minmay_temple_entry_steel_oval, serial_shops,
          shop_coins, minmay_ruffians, uniq_eustachio
D:7:      layout_rooms, minmay_holes, nrook_mini_vaults, uniq_joseph,
          uniq_menkaure

Skill      XL: |  1  2  3  4  5  6  7  8  9 10 |
---------------+-------------------------------+-----
Fighting       | 4 5 6 7 |  7.5
Long Blades    | 4 5 6 7 9 11 | 11.6
Dodging        | 3 4 5 |  5.9
Armour         | 3 4 5 7 8 |  8.3
Shields        | 1 2 3 4 5 |  5.4
Ranged Weapons | 1 |  1.1

Action                   |  1- 3 |  4- 6 |  7- 9 | 10-12 || total
-------------------------+-------+-------+-------+-------++-------
Melee: Falchion          |    87 |       |       |       ||    87
       Headbutt          |    12 |    13 |    60 |     1 ||    86
       Punch             |     1 |       |       |       ||     1
       Long sword        |     7 |    77 |   308 |     8 ||   400
 Fire: Shortbow          |       |       |       |     5 ||     5
Throw: Stone             |       |       |     1 |       ||     1
Invok: Berserk           |       |     4 |    17 |     2 ||    23
  Use: Potion            |       |       |     1 |       ||     1
 Stab: Sleeping          |     3 |     1 |       |       ||     4
       Distracted        |     1 |       |       |       ||     1
Armor: Animal skin       |    26 |       |       |       ||    26
       Chain mail        |       |    27 |   100 |    14 ||   141
Dodge: Dodged            |    67 |    45 |   140 |    31 ||   283
Block: Buckler           |     7 |     7 |    53 |     4 ||    71

Table legend: (Time is in decaauts)
 A = Elapsed time spent in this place.
 B = Non-inter-level travel time spent in this place.
 C = Inter-level travel time spent in this place.
 D = Time resting spent in this place.
 E = Time spent auto-exploring this place.
 F = Levels seen in this place.
 G = Mean time per level.
                   A        B        C        D        E       F      G
               +--------+--------+--------+--------+--------+-----+--------+
         Total |   8157 |   5710 |   2447 |   1510 |   2106 |   8 | 1019.6 |
       Dungeon |   7372 |   4925 |   2447 |   1492 |   1809 |   7 | 1053.1 |
         Sewer |    785 |    785 |      0 |     18 |    297 |   1 |  785.0 |
               +--------+--------+--------+--------+--------+-----+--------+

Top non-repeatable levels by time:
     D:3: 1733 daAuts
     D:6: 1295 daAuts
     D:2: 1122 daAuts
     D:5: 1067 daAuts
     D:4: 1052 daAuts
   Sewer: 785 daAuts
     D:1: 650 daAuts
     D:7: 450 daAuts
